 Dungeon Crawl Stone Soup version 0.24.0-1-gfbc8707122 (webtiles) character file.

Game seed: 11647458379792585708, levelgen mode: deterministic

10500 Arixos the Conjurer (level 11, 0/88 HPs)
             Began as a Centaur Wizard on Oct 28, 2019.
             Was a Priest of Sif Muna.
             Slain by an eight-headed hydra (1 damage)
             ... on level 10 of the Dungeon on Oct 29, 2019.
             The game lasted 01:30:08 (17861 turns).

Arixos the Conjurer (Centaur Wizard)               Turns: 17861, Time: 01:30:08

Health: 0/88       AC: 10    Str:  9    XL:     11   Next: 37%
Magic:  2/21       EV: 11    Int: 20    God:    Sif Muna [***...]
Gold:   536        SH:  2    Dex: 12    Spells: 16/23 levels left

rFire    . . .     SeeInvis .   b - +0 halberd (freeze)
rCold    . . .     Gourm    .   (shield currently unavailable)
rNeg     . . .     Faith    .   g - +2 robe {MR+}
rPois    .         Spirit   .   p - +2 helmet
rElec    .         Reflect  +   (no cloak)
rCorr    .         Harm     .   y - +0 pair of gloves
MR       +....                  (no barding)
Stlth    +.........             G - +2 amulet of reflection
HPRegen  0.24/turn              E - +3 ring of dexterity
MPRegen  0.17/turn              (no ring)

@: very quick
A: large, hooves 3, deformed body, speed 2, tough skin 3
a: Channel Magic, Forget Spell, Renounce Religion


You were on level 10 of the Dungeon.
You worshipped Sif Muna.
Sif Muna was most pleased with you.
You were not hungry.

You visited 3 branches of the dungeon, and saw 13 of its levels.
You also visited: Sewer.

You collected 536 gold pieces.

Inventory:

Hand Weapons
 a - a +6 mace
 b - a +0 halberd of freezing (weapon)
Missiles
 C - 36 poisoned darts (quivered)
Armour
 g - a +2 robe of magic resistance (worn)
 p - a +2 helmet (worn)
 y - a +0 pair of gloves (worn)
Magical Staves
 D - an uncursed staff of death
Jewellery
 E - a +3 ring of dexterity (left hand)
 G - a +2 amulet of reflection (around neck)
Wands
 r - a wand of flame (20)
 B - a wand of acid (4)
 F - a wand of enslavement (7)
 H - a wand of paralysis (4)
Scrolls
 f - 5 scrolls of blinking {unknown}
 i - 3 scrolls of enchant armour {unknown}
 j - 8 scrolls of teleportation {unknown}
 k - 3 scrolls of remove curse {unknown}
 l - 3 scrolls of fear {unknown}
 m - 2 scrolls of noise {unknown}
 n - a scroll of magic mapping {unknown}
 o - 10 scrolls of identify {unknown}
 t - a scroll of fog {unknown}
 u - 3 scrolls of amnesia {unknown}
 w - a scroll of random uselessness {unknown}
 I - a scroll of immolation {unknown}
Potions
 c - a potion of heal wounds
 e - a potion of haste {unknown}
 h - 3 potions of degeneration {unknown}
 q - 3 potions of might {unknown}
 s - a potion of ambrosia {unknown}
 v - a potion of brilliance {unknown}
 x - 2 potions of mutation {unknown}
 z - 3 potions of flight {unknown}
 A - 3 potions of curing {unknown}
Comestibles
 d - 11 rations


   Skills:
 + Level 5.3 Fighting
 + Level 4.0 Armour
 + Level 4.4 Dodging
 - Level 1.1 Stealth
 * Level 6.6 Spellcasting
 * Level 7.4 Conjurations
   Level 0.8 Summonings
   Level 0.8 Translocations
 + Level 4.8 Fire Magic
 - Level 4.0 Air Magic
 - Level 4.0 Poison Magic
 + Level 5.5 Invocations


You had 16 spell levels left.
You knew the following spells:

 Your Spells              Type           Power        Failure   Level  Hunger
a - Magic Dart            Conj           ####         1%          1    None
c - Mephitic Cloud        Conj/Pois/Air  ####....     3%          3    #......
f - Conjure Flame         Conj/Fire      ####....     2%          3    #......

Your spell library contained the following spells:

 Spells                   Type           Power        Failure   Level  Hunger
 Blink                    Tloc           N/A          11%         2    None
 Call Imp                 Summ           ##......     11%         2    None
 Slow                     Hex            #.......     14%         2    None


Dungeon Overview and Level Annotations

Branches:
Dungeon (11/15)            Temple (1/1) D:7            Lair (1/6) D:10
    Orc (0/2) D:10          Sewer (visited)

Altars:
Ashenzari
Cheibriados
Dithmenos
Elyvilon
Fedhas
Gozag
Hepliaklqana
Kikubaaqudgha
Makhleb
Nemelex Xobeh
Okawaru
Qazlal
Ru
Sif Muna
Trog
Uskayaw
Vehumet
Wu Jian
Xom
Yredelemnul
Zin
The Shining One

Shops:
D:10 *%?=:


Innate Abilities, Weirdness & Mutations

You have hooves in place of feet.
Armour fits poorly on your strangely shaped body.
You cover ground very quickly.
You have extremely tough skin. (AC +3)


Message History

b - a +0 halberd of freezing (weapon)
You are too injured to fight recklessly!
You are too injured to fight recklessly!
Evoke which item? (* to show all) (? for menu, Esc to quit)
Aiming: Corrosive Bolt
Press: ? - help, Shift-Dir - straight line, f - eight-headed hydra
Aim: an eight-headed hydra (severely wounded)
The bolt of acid misses the eight-headed hydra.
The eight-headed hydra bites you!
* * * LOW HITPOINT WARNING * * *
The eight-headed hydra bites you!
* * * LOW HITPOINT WARNING * * *
The eight-headed hydra bites you.
* * * LOW HITPOINT WARNING * * *
The eight-headed hydra bites you.
* * * LOW HITPOINT WARNING * * *
You block the eight-headed hydra's attack.
The eight-headed hydra closely misses you.
The eight-headed hydra bites you.
You die...

###############.#################
.................................
................)................
###.#############......<.........
##...## #..##############
#.....## #..#
....P..##########..##############
..P..P.#.........................
................@D...............
.........#########...............
...>.....# #.##############
........## #.#
........##########.#
.P...P.#.......D...##############
....P..#.........................
#.....##.########################
##...###.#


You could see an eight-headed hydra.

Vanquished Creatures
  Harold (D:9)
  3 two-headed ogres
  Prince Ribbit (D:6)
  2 hippogriffs
  A spriggan (D:11)
  A wyvern (D:11)
  Sigmund (D:6)
  14 yaks
  2 basilisks (D:10)
  A hungry ghost (D:9)
  Menkaure (D:7)
  A water moccasin (Lair:1)
  A porcupine (Lair:1)
  5 orc warriors (D:10)
  3 ice beasts
  A black bear (D:6)
  4 sky beasts
  A phantom (D:9)
  7 ogres
  A necrophage (D:6)
  A wolf (D:10)
  3 centaurs
  2 bullfrogs (D:6)
  Blork the orc (D:6)
  A gnoll sergeant (D:9)
  A wyvern skeleton (D:9)
  2 scorpions (D:10)
  4 wights (D:6)
  2 howler monkeys
  3 electric eels (D:10)
  3 crimson imps
  5 jellies
  5 orc priests
  8 hounds
  A centaur skeleton (D:5)
  11 orc wizards
  A bullfrog skeleton (D:9)
  2 iguanas
  7 worker ants
  Ijyb (D:5)
  A worker ant zombie (D:7)
  2 gnolls (D:9)
  A river rat (D:4)
  10 adders
  A howler monkey skeleton (D:7)
  A shadow imp (D:8)
  3 oozes
  An adder zombie (D:8)
  2 worms
  7 dart slugs
  4 leopard geckos
  43 orcs
  4 giant cockroaches
  6 goblins
  9 hobgoblins
  10 jackals
  6 kobolds
  9 bats
  6 frilled lizards
  A leopard gecko skeleton (D:4)
  A quokka zombie (D:7)
  8 rats
252 creatures vanquished.

Vanquished Creatures (others)
  A leopard gecko (D:1)
  A hobgoblin (D:1)
  A ball python (D:1)
  A frilled lizard (D:1)
4 creatures vanquished.

Grand Total: 256 creatures vanquished

Notes
Turn   | Place    | Note
-------+----------+-------------------------------------------
     0 | D:1      | Arixos the Centaur Wizard began the quest for the Orb.
     0 | D:1      | Reached XP level 1. HP: 14/14 MP: 3/3
    98 | D:1      | Reached skill level 1 in Conjurations
   420 | D:1      | Reached XP level 2. HP: 20/20 MP: 1/5
  1135 | D:1      | Reached XP level 3. HP: 24/27 MP: 1/7
  1488 | D:1      | Learned a level 3 spell: Conjure Flame
  1492 | D:1      | Learned a level 3 spell: Mephitic Cloud
  1788 | D:2      | Found a burning altar of Makhleb.
  1789 | D:2      | Found a sacrificial altar of Ru.
  1789 | D:2      | Found a snail-covered altar of Cheibriados.
  1829 | D:2      | Found a shattered altar of Ashenzari.
  2288 | D:2      | Reached XP level 4. HP: 33/34 MP: 6/8
  2429 | D:2      | Reached skill level 2 in Conjurations
  3188 | D:3      | Reached skill level 1 in Fighting
  3862 | D:3      | Found a sparkling altar of Nemelex Xobeh.
  3868 | D:3      | Found a white marble altar of Elyvilon.
  3876 | D:3      | Found an opulent altar of Gozag.
  3910 | D:3      | Found a shimmering blue altar of Sif Muna.
  3914 | D:3      | Became a worshipper of Sif Muna the Loreminder
  3937 | D:3      | Found a basalt altar of Yredelemnul.
  4022 | D:4      | Found a glowing drain.
  4124 | D:4      | Reached skill level 1 in Armour
  4124 | D:4      | Reached skill level 1 in Fire Magic
  4124 | D:4      | Reached XP level 5. HP: 7/40 MP: 0/9
  4387 | Sewer    | Entered a sewer
  4767 | D:4      | Noticed an ogre
  4811 | D:4      | Killed an ogre
  4811 | D:4      | Reached skill level 1 in Air Magic
  4811 | D:4      | Reached skill level 1 in Poison Magic
  4811 | D:4      | Reached XP level 6. HP: 47/47 MP: 0/10
  5010 | D:4      | Reached skill level 1 in Invocations
  5211 | D:5      | Entered Level 5 of the Dungeon
  5793 | D:5      | Noticed a yak
  5793 | D:5      | Noticed a yak
  5795 | D:5      | Noticed a yak
  5812 | D:5      | Noticed a yak
  5814 | D:5      | Noticed a yak
  5823 | D:5      | Killed a yak
  5823 | D:5      | Reached skill level 3 in Conjurations
  5923 | D:5      | Reached XP level 7. HP: 55/55 MP: 0/12
  6063 | D:5      | Killed a yak
  6315 | D:5      | Killed a yak
  6439 | D:5      | Killed a yak
  6701 | D:5      | Killed a yak
  6701 | D:5      | Reached XP level 8. HP: 44/62 MP: 2/14
  7263 | D:5      | Noticed Ijyb
  7309 | D:5      | Killed Ijyb
  7309 | D:5      | Reached skill level 4 in Conjurations
  8164 | D:6      | Noticed Blork the orc
  8834 | D:6      | Noticed Prince Ribbit
  8866 | D:6      | Noticed Sigmund
  9206 | D:6      | Killed Blork the orc
  9409 | D:5      | Reached XP level 9. HP: 59/70 MP: 8/15
  9983 | D:6      | Killed Prince Ribbit
 10016 | D:6      | Killed Sigmund
 10016 | D:6      | Reached skill level 5 in Conjurations
 10255 | D:6      | Found a sparkling altar of Nemelex Xobeh.
 10381 | D:6      | Reached * piety under Sif Muna
 10593 | D:7      | Found a staircase to the Ecumenical Temple.
 10611 | Temple   | Entered the Ecumenical Temple
 10701 | D:7      | Reached skill level 5 in Spellcasting
 10961 | D:7      | Noticed Menkaure
 11554 | D:7      | Killed Menkaure
 11795 | D:8      | Noticed a two-headed ogre
 11958 | D:8      | Killed a two-headed ogre
 11958 | D:8      | Reached XP level 10. HP: 42/78 MP: 0/18
 12637 | D:8      | You fall into a shaft and drop 3 floors!
 12637 | D:11     | Noticed a two-headed ogre
 12684 | D:11     | Killed a two-headed ogre
 12684 | D:11     | Reached skill level 6 in Conjurations
 12821 | D:11     | Noticed a white ugly thing
 13040 | D:11     | Reached ** piety under Sif Muna
 13276 | D:10     | Entered Level 10 of the Dungeon
 13338 | D:10     | Found Soppeah's Magic Scroll Emporium.
 15685 | D:9      | Noticed Harold
 15714 | D:9      | Killed Harold
 15714 | D:9      | Reached skill level 5 in Invocations
 15813 | D:9      | Found a blossoming altar of Fedhas.
 15988 | D:10     | Reached *** piety under Sif Muna
 16256 | D:10     | Found Kaocueji's Book Emporium.
 16300 | D:10     | Reached XP level 11. HP: 85/85 MP: 3/20
 16473 | D:10     | Reached skill level 5 in Fighting
 16475 | D:10     | Reached skill level 7 in Conjurations
 16842 | D:10     | Found a staircase to the Orcish Mines.
 16989 | D:10     | Noticed a two-headed ogre
 17007 | D:10     | Killed a two-headed ogre
 17103 | D:10     | Found Cazuuz's Food Shop.
 17329 | D:10     | Found Nadow's Assorted Antiques.
 17356 | D:10     | Found a staircase to the Lair.
 17589 | D:10     | Found Diug's Jewellery Shoppe.
 17748 | Lair:1   | Entered Level 1 of the Lair of Beasts
 17819 | Lair:1   | Noticed an eight-headed hydra
 17861 | D:10     | HP: 4/88 [eight-headed hydra (4)]
 17861 | D:10     | HP: 1/88 [eight-headed hydra (3)]
 17861 | D:10     | Slain by an eight-headed hydra

Levels and vault maps discovered:
D:1:      dpeg_arrival_yet_another_circle, layout_basic, lemuel_old_faithful
D:2:      minmay_general_purpose_star, layout_basic, grunt_temple_overflow_open,
          first_ration, nicolae_ashenzari_panopticon
D:3:      layout_basic, nicolae_overflow_hidden_temple,
          nicolae_overflow_quartered_altars, chequers_serial_rivers_small_b
D:4:      layout_rooms, portal_sewer_entry_a
D:5:      layout_cave_pools, kennysheep_doodads, minivault_27, uniq_ijyb
D:6:      layout_loops_ring, nrook_mini_vaults, nemelex_dance_club_becter,
          uniq_prince_ribbit1, uniq_sigmund, uniq_blork_the_orc
D:7:      layout_basic, minmay_temple_entry_slanted, uniq_menkaure
D:8:      layout_loops_ring
D:9:      layout_stronghold, marbit_many_paths, uniq_harold
D:10:     layout_long_grid, david_lair_generic, erik_orc_2, serial_shops,
          nicolae_shop_stone, nicolae_shop_waterfront, nicolae_shop_waterfront,
          shop, shop
D:11:     layout_stronghold, grunt_pizzeria, grunt_ministairs_7, st_stairs_14,
          small_statue_alley_a
Temple:   nicolae_temple_x_marks_the_god
Lair:1:   cheibrodos_lair_river_kwai, layout_chaotic_city, gammafunk_ghost_ooze,
          grunt_megastairs_3

Skill      XL: |  1  2  3  4  5  6  7  8  9 10 11 |
---------------+----------------------------------+-----
Conjurations   | 1 2 3 4 5 6 7 |  7.4
Fighting       | 1 2 3 4 5 |  5.3
Spellcasting   | 3 4 5 6 |  6.6
Armour         | 1 2 3 4 |  4.0
Fire Magic     | 1 2 3 4 |  4.8
Air Magic      | 1 2 3 4 |  4.0
Poison Magic   | 1 2 3 4 |  4.0
Dodging        | 2 3 4 |  4.4
Invocations    | 1 2 3 4 5 |  5.5
Stealth        | |  1.1
Summonings     | |  0.8
Translocations | |  0.8

Action                   |  1- 3 |  4- 6 |  7- 9 | 10-12 || total
-------------------------+-------+-------+-------+-------++-------
Melee: Unarmed           |    17 |       |       |       ||    17
       Kick              |     8 |     9 |    28 |    50 ||    95
       Spear             |    73 |   118 |   266 |       ||   457
       Mace              |       |       |    64 |   152 ||   216
       Glaive            |       |       |       |   109 ||   109
       Halberd           |       |       |       |    15 ||    15
Throw: Dart              |       |       |       |     1 ||     1
 Cast: Magic Dart        |    86 |   134 |   350 |   263 ||   833
       Conjure Flame     |     2 |       |    13 |    42 ||    57
       Mephitic Cloud    |       |     7 |    14 |    14 ||    35
Evoke: Wand              |       |       |     1 |     2 ||     3
 Stab: Confused          |       |     2 |     5 |     3 ||    10
  Eat: Chunk             |     4 |     9 |    12 |    12 ||    37
       Ration            |       |       |     3 |     2 ||     5
Armor: Robe              |    43 |    39 |    99 |    62 ||   243
Dodge: Dodged            |    36 |    73 |   107 |   118 ||   334
Block: Other             |       |       |       |    11 ||    11
